 Dungeon Crawl Stone Soup version 0.29.1-12-g30fa7ad0bf (webtiles) character file.

Game seed: 18274307900005690852

26 hawla the Chiller (level 3, -1/26 HPs)
             Began as a Meteoran Ice Elementalist on Dec 28, 2022.
             Slain by a jelly (2 damage)
             ... on level 4 of the Dungeon.
             The game lasted 00:01:11 (207 turns).

hawla the Chiller (Meteoran Ice Elementalist)        Turns: 207, Time: 00:01:12

Health: -1/26      AC: -2    Str:  9    XL:     3   Next: 41%
Magic:  8/8        EV: 12    Int: 18    God:
Gold:   33         SH:  0    Dex: 15    Spells: 4/8 levels left

rFire   . . .      SeeInvis .   (no weapon)
rCold   . . .      Faith    .   (no shield)
rNeg    . . .      Spirit   .   a - +0 robe
rPois   .          Reflect  .   (no helmet)
rElec   .          Harm     .   (no cloak)
rCorr   .          Rampage  .   (no gloves)
Will    .....                   (no boots)
Stlth   +.........              (no amulet)
HPRegen 0.08/turn               (no ring)
MPRegen 0.11/turn               (no ring)

@: corroded, freezing walls, glowing
A: sense surroundings 1, otherworldly, glowing, explore regen
a: no special abilities


You were on level 4 of the Dungeon.
You visited 1 branch of the dungeon, and saw 4 of its levels.

You collected 33 gold pieces.

Inventory:

Armour
 a - a +0 robe (worn)
Scrolls
 c - a scroll of amnesia {unknown}


   Skills:
 + Level 0.1 Fighting
 + Level 2.5 Dodging
 - Level 1.4 Stealth
 + Level 3.0 Spellcasting
 + Level 5.2 Ice Magic


You had 4 spell levels left.
You knew the following spells:

 Your Spells              Type           Power      Damage    Failure   Level
a - Freeze                Ice            84%        1d10      1%          1
b - Frozen Ramparts       Ice            42%        1d7       5%          3

Your spell library contained the following spells:

 Spells                   Type           Power      Damage    Failure   Level
 Ozocubu's Armour         Ice            21%        N/A       5%          3
 Hailstorm                Conj/Ice       12%        3d5       50%         4


Dungeon Overview and Level Annotations

Branches:
Dungeon (4/15) Zot: 2192
 Temple: D:4-7

Altars:

Annotations:
D:4 Blork the orc


Innate Abilities, Weirdness & Mutations

You passively map a small area around you.
You are easily found by Zot.
You glow in the dark.
You regain HP and MP as you explore.


Message History

The hobgoblin shouts!
A quokka comes into view.
The wall freezes the jelly.
The jelly hits you but does no damage.
Unknown command.
Casting: Frozen Ramparts (quite dangerous; 5% risk of failure)
Confirm with . or Enter, or press ? or * to list all spells.
Aiming: Freeze (safe; 1% risk of failure)
Press: ? - help, Shift-Dir - straight line, f - Blork the orc
Aim: Blork the orc, wielding a +0 battleaxe and wearing a +0 robe You freeze Blork the orc.
Blork the orc is lightly wounded.
The wall freezes Blork the orc.
Blork the orc misses you.
The wall freezes the jelly.
The jelly hits you. The acid corrodes you!
You are splashed with acid!
Casting: Freeze (safe; 1% risk of failure)
Confirm with . or Enter, or press ? or * to list all spells.
Aiming: Freeze (safe; 1% risk of failure)
Press: ? - help, Shift-Dir - straight line, f/p - Blork the orc
Aim: Blork the orc, wielding a +0 battleaxe and wearing a +0 robe (moderately wounded)
You freeze Blork the orc!
Blork the orc is heavily wounded.
The wall freezes Blork the orc.
Blork the orc casts a spell at you. The puff of flame hits you!
The wall freezes the jelly.
The jelly closely misses you.
Casting: Freeze (safe; 1% risk of failure)
Confirm with . or Enter, or press ? or * to list all spells.
Aiming: Freeze (safe; 1% risk of failure)
Press: ? - help, Shift-Dir - straight line, f/p - Blork the orc
Aim: Blork the orc, wielding a +0 battleaxe and wearing a +0 robe (heavily wounded)
You freeze Blork the orc.
Blork the orc is severely wounded.
The wall freezes Blork the orc.
Blork the orc casts a spell at you. The magic dart hits you!
* * * LOW HITPOINT WARNING * * *
The wall freezes the jelly.
The jelly misses you. Magic courses through your body.
The wall freezes the jelly.
The jelly hits you.
You die...

*
...............#.#.#....
,...........#####........
,
...##............#......
#.........#......#......
,
#.........+......#).....
*
#....#...##......#.####.
** *
,.........#####+#.#.# #<
, #..###..######. #.# ##
,, .......@J...... .. * *
* ..###..#o...##. , #.r
....# , , * ,,....
g...... , , .....*#.##...
,* ...#.#., .. ... ,
...#.#. .#. .#, , * ..
.... .#. * , * , *,, ,


You could see Blork the orc, a jelly, a quokka and a hobgoblin.

Vanquished Creatures
  2 adders (D:4)
  4 jackals (D:2)
  A kobold (D:3)
  A frilled lizard (D:2)
8 creatures vanquished.

Notes
Turn   | Place    | Note
-------+----------+-------------------------------------------
     0 | D:1      | hawla the Meteoran Ice Elementalist began the quest for the
                  | Orb.
     0 | D:1      | Reached XP level 1. HP: 14/14 MP: 5/5
     6 | D:1      | You fall into a shaft and drop 1 floor!
    81 | D:2      | Reached XP level 2. HP: 14/20 MP: 0/6
   147 | D:4      | Reached skill level 5 in Ice Magic
   147 | D:4      | Reached XP level 3. HP: 17/26 MP: 4/8
   151 | D:4      | Learned a level 3 spell: Frozen Ramparts
   200 | D:4      | Noticed Blork the orc
   206 | D:4      | HP: 1/26 [Blork the orc/magic dart (8)]
   207 | D:4      | Slain by a jelly

Illustrated notes

Levels and vault maps discovered:
D:1:      dpeg_cavernosity, layout_basic,
          hellmonk_ecumenical_altar_pennies_from_heaven, minmay_hexomino_p4
D:2:      layout_basic, chequers_serial_rivers_room_b
D:3:      layout_basic, lemuel_crystal_altar, biasface_ghost_orc_armoury
D:4:      minmay_evil_eye, layout_basic, nicolae_overflow_hidden_temple,
          minmay_fractal_squares_diagonal_5, uniq_blork_the_orc

Skill      XL: |  1  2  3 |
---------------+----------+-----
Ice Magic      | 5 |  5.2
Spellcasting   | 3 |  3.0
Fighting       | |  0.1
Dodging        | |  2.5
Stealth        | |  1.4

Action                   || total
-------------------------++-------
Melee: Unarmed           ||     1
 Cast: Freeze            ||    13
       Frozen Ramparts   ||     2
  Use: Potion            ||     1
Armor: Robe              ||     6
Dodge: Dodged            ||     6
